Map: Lerilak Crest

Players

Cresic - Winner!

  • Race: Zerg Zerg
  • League: Silver

Miltreta

  • Race: Terran Terran
  • League: Bronze

VOD

Have the link to the VOD?

Description

Time

  • Played on: March 17, 2016, 8:13 a.m.
  • Length: 10:49
Show
View Real Time Build Order
Export as new Build Order

Cresic Zerg - Winner!

Build Orders: Hatch First 

Get SALT Encoding   

  12  0:01  Drone  
  13  0:12  Overlord  
  13  0:25  Drone  
  14  0:33  Extractor x2  
  14  0:34  Drone x2  
  14  0:38  Drone  
  17  1:04  Hatchery  
  17  1:10  Spawning Pool  
  15  1:12  Extractor  
  15  1:15  Drone  
  15  1:21  Overlord  
  15  1:29  Overlord  
  15  1:39  Drone x2  
  17  1:47  Drone  
  18  2:07  Roach Warren  
  17  2:10  Zergling x4  
  17  2:13  Queen  
  21  2:25  Queen  
  23  2:33  Drone x2  
  25  2:46  Drone x4  
  29  3:17  Overlord x2  
  29  3:21  Lair  
  29  3:37  Extractor, Evolution Chamber, Drone  
  29  3:38  Drone x6  
  29  3:39  Evolution Chamber  
  33  4:09  Zerg Missile Weapons Level 1, Zerg Ground Armor Level 1  
  33  4:11  Roach  
  33  4:12  Roach x2  
  38  4:20  Roach  
  38  4:21  Roach  
  41  4:39  Roach x4  
  49  4:46  Roach  
  49  4:51  Drone x6  
  57  4:55  Extractor  
  54  5:34  Drone x4  
  58  5:37  Glial Reconstitution  
  58  5:38  Extractor  
  57  5:43  Drone  
  57  5:44  Hydralisk Den, Drone x2  
  59  6:02  Overlord x5  
  59  6:06  Zerg Missile Weapons Level 2  
  59  6:21  Roach  
  59  6:22  Roach x4  
  69  6:31  Muscular Augments  
  69  6:38  Drone x4  
  73  6:46  Drone x2  
  75  6:55  Roach  
  75  6:58  Roach  
  79  7:02  Zerg Ground Armor Level 2  
  81  7:23  Roach x7  
  93  7:42  Hatchery  
  92  7:44  Spore Crawler  
  92  7:51  Hydralisk x4  
  99  8:18  Overlord  
  99  8:19  Overlord x5  
  99  8:22  Overseer  
  99  8:23  Overseer  
  99  8:24  Overseer  
  88  9:01  Queen  
  90  9:18  Spawning Pool  
  89  9:26  Extractor  
  89  9:29  Hydralisk x5  
  98  9:44  Infestation Pit  
  79  10:27  Spore Crawler  
  75  10:31  Spore Crawler  
  75  10:34  Spore Crawler  
Show
View Real Time Build Order
Export as new Build Order

Miltreta Terran 

Build Orders:  

Get SALT Encoding   

  12  0:01  SCV  
  13  0:17  Supply Depot  
  13  0:18  SCV  
  14  0:25  Refinery  
  14  0:33  SCV  
  15  0:43  Barracks  
  15  0:55  SCV  
  16  1:04  Supply Depot  
  16  1:08  SCV  
  17  1:20  SCV  
  18  1:37  Factory, Marine  
  19  1:47  Orbital Command  
  20  2:07  Barracks Reactor  
  19  2:55  SCV  
  19  2:56  Barracks Tech Lab  
  20  3:05  Barracks  
  20  3:07  Barracks, Refinery  
  20  3:08  Barracks  
  20  3:10  SCV  
  21  3:18  Supply Depot  
  21  3:20  Stimpack  
  21  3:21  Marauder  
  21  3:24  Hellion x2  
  27  3:38  Starport  
  27  3:39  SCV  
  28  3:55  Hellion x2  
  32  4:01  Barracks Tech Lab  
  32  4:04  Marine  
  32  4:05  Marine  
  32  4:40  Hellion x2  
  36  4:49  Barracks Tech Lab x2  
  32  5:20  Widow Mine  
  32  5:21  Widow Mine  
  32  5:23  Marauder  
  32  5:24  Marauder  
  38  5:32  Supply Depot  
  38  5:33  Supply Depot  
  38  5:34  Marauder x2  
  42  5:39  Starport Tech Lab  
  42  5:55  Engineering Bay x2  
  42  6:05  Marauder x2  
  42  6:06  Marauder x2  
  50  6:13  Medivac  
  52  6:23  Terran Infantry Weapons Level 1, Terran Infantry Armor Level 1  
  52  6:31  Marauder  
  54  6:35  Concussive Shells  
  54  6:36  Marauder  
  56  6:43  Medivac  
  58  7:08  Cloaking Field  
  58  7:13  Banshee  
  57  7:24  Command Center  
  57  7:31  Marauder x2  
  61  7:55  Marauder  
  63  8:36  Medivac, Marauder x2  
  49  8:56  Marauder x2  
  49  8:58  Marauder  
  55  9:10  Medivac  
  55  9:15  Widow Mine  
  27  10:03  Hellion x2  
  20  10:15  Marine x2  
  20  10:16  Marine  
  20  10:17  Marine  
Tags
 
Add a new tag
Caveats
  • Supply blocks, unpowered buildings, or Contaminate may cause inaccurate times.
  • Supply counts are checked every 10 seconds.